 Dungeon Crawl Stone Soup version 0.26.1-2-gb8aa6d0cf2 (webtiles) character file.

Game seed: 16612659829760995854

52 pascalblue the Gusty (level 3, -5/19 HPs)
             Began as a Tengu Air Elementalist on Mar 4, 2021.
             Slain by a worm (6 damage)
             ... on level 2 of the Dungeon.
             The game lasted 00:07:09 (1894 turns).

pascalblue the Gusty (Tengu Air Elementalist)       Turns: 1894, Time: 00:07:10

Health: -5/19      AC:  2    Str:  8    XL:     3   Next: 85%
Magic:  2/7        EV: 12    Int: 16    God:
Gold:   111        SH:  0    Dex: 14    Spells: 3/6 levels left

rFire    . . .     SeeInvis .   h - +0 dagger (venom)
rCold    . . .     Faith    .   (no shield)
rNeg     . . .     Spirit   .   a - +0 robe
rPois    .         Reflect  .   (helmet restricted)
rElec    .         Harm     .   (no cloak)
rCorr    .         Rampage  .   (no gloves)
Will     .....                  (boots unavailable)
Stlth    ++........             (no amulet)
HPRegen  0.06/turn              (no ring)
MPRegen  0.10/turn              (no ring)

@: invisible
A: beak, talons 3
a: no special abilities


You were on level 2 of the Dungeon.
You visited 1 branch of the dungeon, and saw 2 of its levels.

You collected 111 gold pieces.

Inventory:

Hand Weapons
 e - a +0 dagger
 h - a +0 dagger of venom (weapon)
Armour
 a - a +0 robe (worn)
 n - a +0 pair of gloves
Jewellery
 o - an uncursed ring of stealth {unknown}
 r - an uncursed amulet of guardian spirit {unknown}
Scrolls
 c - 2 scrolls of identify {unknown}
 f - a scroll of enchant weapon {unknown}
 i - a scroll of enchant armour {unknown}
 j - 3 scrolls of remove curse {unknown}
 k - a scroll of immolation {unknown}
 l - a scroll of fear {unknown}
 m - a scroll of teleportation {unknown}
Potions
 b - a potion of invisibility
 d - 2 potions of degeneration {unknown}
 g - 3 potions of curing {unknown}
 p - a potion of might {unknown}
 q - a potion of ambrosia {unknown}


   Skills:
 - Level 2.1 Dodging
 - Level 2.0 Stealth
 + Level 2.4 Spellcasting
 * Level 3.1 Conjurations
 * Level 5.0 Air Magic


You had 3 spell levels left.
You knew the following spells:

 Your Spells              Type           Power        Failure   Level
a - Shock                 Conj/Air       60%          3%          1
b - Swiftness             Air            18%          3%          2

Your spell library contained the following spells:

 Spells                   Type           Power        Failure   Level
 Static Discharge         Conj/Air       15%          11%         3
 Airstrike                Air            9%           26%         4
 Lightning Bolt           Conj/Air       7%           71%         5


Dungeon Overview and Level Annotations

Branches:
Dungeon (2/15)

Altars:
Fedhas
Trog


Innate Abilities, Weirdness & Mutations

You have a beak for a mouth.
You have claws for feet.


Message History

Aiming: Shock (safe; 3% risk of failure)
Press: ? - help, Shift-Dir - straight line, f/p - worm
Aim: a worm (lightly wounded, berserk, 10% to evade)
The zap hits the worm.
The worm is lightly wounded.
The worm bites you.
Casting: Shock (safe; 3% risk of failure)
Confirm with . or Enter, or press ? or * to list all spells.
Aiming: Shock (safe; 3% risk of failure)
Press: ? - help, Shift-Dir - straight line, f/p - worm
Aim: a worm (lightly wounded, berserk, 10% to evade)
The zap hits the worm.
The worm is moderately wounded.
The worm bites you!
Ouch! That really hurt!
* * * LOW HITPOINT WARNING * * *
It was a potion of invisibility.
You fade into invisibility!
The worm bites you.
You die...

# #.# #.# ####.#.# #... # #.#
#.# #≈..≈≈.# #.## # #.# #.#
#.≈≈≈..# #.# # #.# #.# #.._.≈.#
#.# #######.# #.# #.≈≈≈..# #.#
........# #.# #≈..≈..# #.#
###.###.# #.# ##.##...# #.#
....# #.# #.####...########.#
##..# #.# #.w@..............#
##..###.# #.####...########.#
........# #.# ##.## #.#
##..##########.#####.# #.#
##..#....##.......##.# #.#
....#.####.........### #.#
##.##.###...........##########.#
##......#....###....#..........#
......###...##y##w..############


You could see a worm (berserk).

Vanquished Creatures
  2 oozes
  A worm (D:2)
  A dart slug (D:2)
  A leopard gecko (D:1)
  2 bats (D:1)
  4 giant cockroaches
  5 goblins
  A hobgoblin (D:1)
  6 jackals
  3 kobolds (D:1)
  A frilled lizard (D:1)
  9 rats
36 creatures vanquished.

Notes
Turn   | Place    | Note
-------+----------+-------------------------------------------
     0 | D:1      | pascalblue the Tengu Air Elementalist began the quest for
                  | the Orb.
     0 | D:1      | Reached XP level 1. HP: 10/10 MP: 4/4
   146 | D:1      | Reached XP level 2. HP: 15/15 MP: 4/6
   151 | D:1      | Learned a level 2 spell: Swiftness
   675 | D:1      | Reached XP level 3. HP: 17/19 MP: 4/7
  1721 | D:2      | Reached skill level 5 in Air Magic
  1820 | D:2      | Found a blossoming altar of Fedhas.
  1868 | D:2      | Noticed a moth of wrath
  1871 | D:2      | Found a bloodstained altar of Trog.
  1894 | D:2      | Slain by a worm

Illustrated notes

Levels and vault maps discovered:
D:1:      minmay_arrival_pointy, layout_basic
D:2:      layout_loops_ring, tgw_trog, fedhas_altar_2,
          amethyst_overflow_temple_binary, minmay_3d_cube

Skill      XL: |  1  2  3 |
---------------+----------+-----
Conjurations   | 2 3 |  3.1
Air Magic      | 5 |  5.0
Dodging        | |  2.1
Stealth        | |  2.0
Spellcasting   | |  2.4

Action                   || total
-------------------------++-------
Melee: Unarmed           ||     6
       Kick              ||     4
       Dagger            ||     1
 Cast: Shock             ||    79
  Use: Potion            ||     1
Armor: Robe              ||    15
Dodge: Dodged            ||    20
